[Event "ICC tourney 2039 (30 10)"]
[Site "Internet Chess Club"]
[Date "2020.10.04"]
[Round "1"]
[White "APBrain"]
[Black "DavidNest"]
[Result "1-0"]
[ICCResult "Black checkmated"]
[WhiteElo "1611"]
[BlackElo "1247"]
[Opening "Dutch with c4 & Nc3"]
[ECO "A85"]
[NIC "HD.05"]
[Time "11:04:58"]
[TimeControl "1800+10"]

1. d4 f5 2. c4 Nf6 3. Nc3 g6 4. Bg5 Bg7 5. e3 O-O 6. Nf3 Ne4 7. h4 Nxg5 8.
hxg5 f4 9. e4 c5 10. d5 Qa5 11. Qc2 Na6 12. a3 Nb4 13. Qd2 Bxc3 14. bxc3 Na6
15. Bd3 Nc7 16. e5 d6 17. e6 Ne8 18. Nh4 a6 19. Qc2 Ng7 20. Bxg6 hxg6 21.
Nxg6 Nh5 22. Nxe7+ Kh8 23. Rxh5+ Kg7 24. Qg6# {Black checkmated} 1-0

[Event "ICC tourney 2039 (30 10)"]
[Site "Internet Chess Club"]
[Date "2020.10.04"]
[Round "1"]
[White "marinaxiao"]
[Black "shreyanshdaga"]
[Result "1-0"]
[ICCResult "Black checkmated"]
[WhiteElo "1433"]
[BlackElo "340"]
[Opening "Sicilian: dragon, classical, 8.O-O"]
[ECO "B73"]
[NIC "SI.25"]
[Time "11:04:59"]
[TimeControl "1800+10"]

1. e4 c5 2. Nf3 d6 3. d4 cxd4 4. Nxd4 Nf6 5. Nc3 Nc6 6. Be2 g6 7. Be3 Bg7 8.
O-O O-O 9. Kh1 e5 10. Nb3 Be6 11. f4 exf4 12. Bxf4 d5 13. exd5 Bxd5 14. Bg5
Qd6 15. Bxf6 Bxf6 16. Nxd5 Bxb2 17. Nf6+ Qxf6 18. Rxf6 Bxa1 19. Qxa1 Rad8
20. Rf1 b6 21. Bc4 Rd7 22. h3 a6 23. Bxa6 Nb4 24. Bb5 Rd6 25. Bc4 Rc8 26.
Bxf7+ Kf8 27. Qh8+ Ke7 28. Qxc8 Rc6 29. Qe8+ Kd6 30. Rd1+ Kc7 31. Rd7#
{Black checkmated}
1-0

[Event "ICC tourney 2039 (30 10)"]
[Site "Internet Chess Club"]
[Date "2020.10.04"]
[Round "1"]
[White "ChessG2011"]
[Black "lmperfectFocus"]
[Result "0-1"]
[ICCResult "White checkmated"]
[WhiteElo "1181"]
[BlackElo "1546"]
[Opening "Giuoco Pianissimo: Italian four knights variation"]
[ECO "C50"]
[NIC "IG.02"]
[Time "11:05:00"]
[TimeControl "1800+10"]

1. e4 e5 2. Nf3 Nc6 3. Bc4 Bc5 4. Nc3 Nf6 5. d3 d6 6. h3 h6 7. Na4 Bb6 8.
Nxb6 axb6 9. a3 Be6 10. Bxe6 fxe6 11. Be3 O-O 12. O-O d5 13. Nd2 d4 14. Bxh6
gxh6 15. Nf3 Qe7 16. Qd2 Kh7 17. Kh2 Rg8 18. Rg1 Nh5 19. g3 Raf8 20. Nh4 Qg5
21. Qe2 Nf4 22. Qd2 Nxh3 23. f4 Nxf4 24. gxf4 Qxh4# {White checkmated} 0-1

[Event "ICC tourney 2039 (30 10)"]
[Site "Internet Chess Club"]
[Date "2020.10.04"]
[Round "1"]
[White "andrewj508"]
[Black "nnrs"]
[Result "1-0"]
[ICCResult "Black checkmated"]
[WhiteElo "1211"]
[BlackElo "1484"]
[Opening "Sicilian: closed"]
[ECO "B23"]
[NIC "SI.44"]
[Time "11:04:54"]
[TimeControl "1800+10"]

1. e4 c5 2. Nc3 e6 3. f4 d5 4. Nf3 dxe4 5. Nxe4 Nf6 6. Nxf6+ Qxf6 7. d4 Nc6
8. Bb5 Bd7 9. c3 a6 10. Bxc6 Bxc6 11. O-O cxd4 12. Qxd4 Be7 13. Ne5 Rd8 14.
Qb6 Be4 15. Be3 O-O 16. Rad1 Qf5 17. Qc7 Rc8 18. Qxe7 h5 19. Rd7 b5 20. Qg5
Qh7 21. Qg3 h4 22. Qg4 Bf5 23. Qe2 h3 24. Rfd1 hxg2 25. Qxg2 Be4 26. Qg3 b4
27. Ng4 f5 28. Ne5 bxc3 29. bxc3 Rb8 30. Qg6 Qh8 31. Bc5 Rf6 32. Rd8+ Rf8
33. Rxf8+ Rxf8 34. Bxf8 Qh3 35. Qxg7# {Black checkmated} 1-0

[Event "ICC tourney 2039 (30 10)"]
[Site "Internet Chess Club"]
[Date "2020.10.04"]
[Round "1"]
[White "Priccchess"]
[Black "Honeybrook"]
[Result "1-0"]
[ICCResult "Black resigns"]
[WhiteElo "1774"]
[BlackElo "1348"]
[Opening "Pirc: classical (two knights) system"]
[ECO "B08"]
[NIC "PU.10"]
[Time "11:04:55"]
[TimeControl "1800+10"]

1. e4 d6 2. Nf3 Nf6 3. Nc3 g6 4. d4 Bg7 5. Bd3 O-O 6. O-O Nbd7 7. Be3 Re8 8.
h3 e5 9. Re1 exd4 10. Bxd4 c5 11. Be3 Ne5 12. Nxe5 dxe5 13. Bxc5 Qc7 14. Be3
a6 15. Bg5 h6 16. Bxf6 Bxf6 17. Nd5 Qd6 18. Qf3 Bg7 19. Rad1 Be6 20. Bc4 Qc6
21. Bb3 Rad8 22. Ne7+ {Black resigns} 1-0

[Event "ICC tourney 2039 (30 10)"]
[Site "Internet Chess Club"]
[Date "2020.10.04"]
[Round "1"]
[White "michaelxiao"]
[Black "MikeWMason"]
[Result "0-1"]
[ICCResult "White resigns"]
[WhiteElo "1326"]
[BlackElo "1772"]
[Opening "English opening"]
[ECO "A20"]
[NIC "EO.24"]
[Time "11:05:15"]
[TimeControl "1800+10"]

1. c4 e5 2. g3 Nf6 3. Bg2 Bc5 4. d3 O-O 5. Nf3 Nc6 6. Bg5 h6 7. Bxf6 Qxf6 8.
Nc3 d6 9. Ne4 Qe7 10. O-O Bb6 11. a3 a5 12. Qd2 Bd7 13. h4 a4 14. e3 Na5 15.
Qc3 Nb3 16. Rad1 Bg4 17. Rb1 Bxf3 18. Bxf3 f5 19. Rbd1 fxe4 20. Bxe4 c6 21.
f4 Bxe3+ 22. Kg2 exf4 23. gxf4 Qxh4 24. Rf3 Bxf4 25. Rg1 Qh2+ 26. Kf1 Nd2+
{White resigns}
0-1

[Event "ICC tourney 2039 (30 10)"]
[Site "Internet Chess Club"]
[Date "2020.10.04"]
[Round "1"]
[White "GlibNest"]
[Black "solveur"]
[Result "0-1"]
[ICCResult "White checkmated"]
[WhiteElo "1519"]
[BlackElo "1420"]
[Opening "KGD: classical variation"]
[ECO "C30"]
[NIC "KG.05"]
[Time "11:05:47"]
[TimeControl "1800+10"]

1. e4 e5 2. f4 Bc5 3. Nf3 d6 4. Bc4 Nc6 5. h3 Nf6 6. d3 O-O 7. Qe2 Nh5 8.
Rh2 exf4 9. Qd1 Ne5 10. Nxe5 Qh4+ 11. Kd2 Qf2+ 12. Qe2 Be3+ 13. Kd1 Qg1+ 14.
Qe1 Qxh2 15. Bxe3 fxe3 16. Nxf7 Rxf7 17. Bxf7+ Kxf7 18. g4 Ng3 19. Qxe3 Qxh3
20. Qd4 Bxg4+ 21. Kd2 Qg2+ 22. Kc3 Ne2+ 23. Kc4 Nxd4 24. Kxd4 Qf2+ 25. Kc3
Qe1+ 26. Kb3 Be6+ 27. c4 Ke7 28. a3 Rf8 29. Ka2 Rf2 30. Nc3 Qxc3 31. Rb1 b5
32. Ka1 Qb3 33. e5 bxc4 34. exd6+ cxd6 35. d4 c3 36. d5 cxb2+ 37. Rxb2 Qxb2#
{White checkmated}
0-1

[Event "ICC tourney 2039 (30 10)"]
[Site "Internet Chess Club"]
[Date "2020.10.04"]
[Round "1"]
[White "alex3"]
[Black "jacobsperber"]
[Result "1-0"]
[ICCResult "Black resigns"]
[WhiteElo "1548"]
[BlackElo "1195"]
[Opening "Queen's pawn: London system"]
[ECO "A45"]
[NIC "QP.07"]
[Time "11:05:47"]
[TimeControl "1800+10"]

1. d4 Nf6 2. Bf4 e6 3. e3 c5 4. c3 Nc6 5. Nf3 d5 6. Bd3 Bd6 7. Ne5 Qc7 8.
Bb5 O-O 9. Bxc6 bxc6 10. Nd2 Ba6 11. Qf3 cxd4 12. exd4 Rab8 13. b3 Rfc8 14.
g4 c5 15. g5 cxd4 16. gxf6 Bxe5 17. Qg3 g6 18. Bxe5 Qxc3 19. Qxc3 dxc3 20.
Bxb8 cxd2+ 21. Kxd2 Rxb8 22. Rac1 Rc8 23. Rxc8+ Bxc8 24. Rc1 Ba6 25. Rc7 h5
26. Rxa7 {Black resigns} 1-0

[Event "ICC tourney 2039 (30 10)"]
[Site "Internet Chess Club"]
[Date "2020.10.04"]
[Round "1"]
[White "oxdidi"]
[Black "orwind"]
[Result "0-1"]
[ICCResult "White resigns"]
[WhiteElo "1083"]
[BlackElo "1499"]
[Opening "Sicilian defense"]
[ECO "B40"]
[NIC "SI.43"]
[Time "11:04:58"]
[TimeControl "1800+10"]

1. e4 c5 2. Nf3 e6 3. Bc4 Nc6 4. O-O d5 5. exd5 exd5 6. Be2 Nf6 7. Re1 Be7
8. c3 O-O 9. d4 c4 10. Bg5 Be6 11. Nbd2 h6 12. Bh4 Re8 13. Bxf6 Bxf6 14. Nf1
b5 15. Ng3 Qb6 16. Nh5 Be7 17. Qd2 b4 18. Qf4 Rad8 19. Qg3 g6 20. Nf4 Bd6
21. h3 Qb8 22. Qh4 Bxf4 23. g4 Kg7 24. g5 Rh8 25. Bd1 hxg5 26. Qxh8+ Rxh8
27. Ne5 Nxe5 28. dxe5 {White resigns} 0-1

[Event "ICC tourney 2039 (30 10)"]
[Site "Internet Chess Club"]
[Date "2020.10.04"]
[Round "1"]
[White "TemporaryOtter"]
[Black "wildrumpus"]
[Result "0-1"]
[ICCResult "White checkmated"]
[WhiteElo "903"]
[BlackElo "1481"]
[Opening "Caro-Kann: advance variation"]
[ECO "B12"]
[NIC "CK.04"]
[Time "11:05:47"]
[TimeControl "1800+10"]

1. e4 c6 2. d4 d5 3. e5 Bf5 4. Nf3 e6 5. Nc3 Bb4 6. Bd2 Ne7 7. Be2 Bg6 8.
Bd3 Nd7 9. O-O Bxd3 10. cxd3 O-O 11. a3 Ba5 12. Re1 c5 13. dxc5 Bxc3 14.
Bxc3 Nxc5 15. d4 Ne4 16. Bb4 Re8 17. Nd2 a5 18. Bxe7 Rxe7 19. Nxe4 dxe4 20.
Rxe4 Qd5 21. Re1 Rd7 22. h3 Qxd4 23. Qxd4 Rxd4 24. Rad1 Rd5 25. Rxd5 exd5
26. e6 fxe6 27. Rxe6 Rd8 28. Re3 d4 29. Rd3 Kf7 30. f4 Ke6 31. g4 Kd5 32.
Kf2 Re8 33. Rd1 Re3 34. Re1 Ke4 35. f5 Kf4 36. Rd1 d3 37. Rd2 Rxh3 38. Kg2
Kxg4 39. Rf2 Re3 40. Kh2 Re2 41. Kg1 Rxf2 42. Kxf2 h5 43. Ke3 h4 44. Kxd3 h3
45. Kc4 h2 46. Kb5 h1=Q 47. Kxa5 Kxf5 48. b4 Qd5+ 49. b5 Qc5 50. a4 b6+ 51.
Ka6 Qc7 52. a5 bxa5 53. b6 Qxb6+ 54. Kxb6 a4 55. Kb5 a3 56. Kb4 a2 57. Kc5
a1=Q 58. Kd6 g5 59. Ke7 g4 60. Kd6 g3 61. Kd5 g2 62. Kc5 g1=Q+ 63. Kd5 Qad1+
64. Kc4 Qgd4+ 65. Kb5 Qb3+ 66. Kc6 Qbd5+ 67. Kc7 Q4c5+ 68. Kb8 Qcd6+ 69. Ka7
Qa5+ 70. Kb7 Qdc7# {White checkmated} 0-1

[Event "ICC tourney 2039 (30 10)"]
[Site "Internet Chess Club"]
[Date "2020.10.04"]
[Round "1"]
[White "blackjack721"]
[Black "suhavit"]
[Result "1-0"]
[ICCResult "Black checkmated"]
[WhiteElo "1501"]
[BlackElo "1098"]
[Opening "Giuoco Piano: Greco's attack"]
[ECO "C54"]
[NIC "IG.02"]
[Time "11:05:00"]
[TimeControl "1800+10"]

1. e4 e5 2. Nf3 Nc6 3. Bc4 Bc5 4. c3 Nf6 5. d4 exd4 6. cxd4 Bb4+ 7. Nc3
Bxc3+ 8. bxc3 d6 9. Bg5 h6 10. Bh4 O-O 11. Bd3 Bg4 12. Qc2 Re8 13. O-O a6
14. e5 dxe5 15. dxe5 Bxf3 16. exf6 gxf6 17. gxf3 Ne5 18. Bh7+ Kf8 19. Qd3
Nxd3 20. Rad1 Qe7 21. Rxd3 Qe6 22. Kh1 Kg7 23. Be4 Rad8 24. Re3 Rd6 25. Rg1+
Kh8 26. Bxb7 Qd7 27. Be4 Rd1 28. Bxf6# {Black checkmated} 1-0

[Event "ICC tourney 2039 (30 10)"]
[Site "Internet Chess Club"]
[Date "2020.10.04"]
[Round "1"]
[White "AJRChess2011"]
[Black "raremystery"]
[Result "0-1"]
[ICCResult "White resigns"]
[WhiteElo "1286"]
[BlackElo "1681"]
[Opening "Ruy Lopez: Berlin defense, open variation"]
[ECO "C67"]
[NIC "RL.07"]
[Time "11:04:56"]
[TimeControl "1800+10"]

1. e4 e5 2. Nf3 Nc6 3. Bb5 Nf6 4. O-O Nxe4 5. Re1 Nd6 6. Nxe5 Be7 7. Bxc6
dxc6 8. Qf3 O-O 9. d4 Bf6 10. c3 Re8 11. Bd2 Be6 12. Be3 Bd5 13. Qg4 Bxe5
14. dxe5 Rxe5 15. Rd1 Qe7 16. Nd2 Re8 17. c4 Be6 18. Qg3 Rf5 19. c5 Nc8 20.
Ne4 Bd5 21. Nc3 Bc4 22. Rd4 Ba6 23. Re4 Qf8 24. Rxe8 Qxe8 25. Qxc7 h6 26.
Rd1 Qe6 27. Rd8+ Kh7 28. Qxc8 Qf6 29. Rd6 Qe5 30. Qc7 Qxe3 {White resigns}
0-1

[Event "ICC tourney 2039 (30 10)"]
[Site "Internet Chess Club"]
[Date "2020.10.04"]
[Round "1"]
[White "rajisankar01"]
[Black "Threehundreds"]
[Result "0-1"]
[ICCResult "White checkmated"]
[WhiteElo "839"]
[BlackElo "1445"]
[Opening "Four knights: Scotch, 4...exd4"]
[ECO "C47"]
[NIC "KP.06"]
[Time "11:05:05"]
[TimeControl "1800+10"]

1. e4 e5 2. Nf3 Nc6 3. Nc3 Nf6 4. d4 exd4 5. Nxd4 Nxd4 6. Qxd4 c5 7. Qd1 d6
8. Be2 Be7 9. O-O O-O 10. Bf3 h6 11. h3 Re8 12. Bf4 a6 13. Qd3 Qb6 14. Na4
Qc7 15. Rad1 Rd8 16. Qc3 b5 17. Nxc5 Qxc5 18. Qxc5 dxc5 19. e5 Rxd1 20. Rxd1
Ra7 21. exf6 Bxf6 22. c3 Be6 23. a3 Be7 24. Bb8 Rd7 25. Rxd7 Bxd7 26. Bc7
Bc8 27. Ba5 Kf8 28. Kf1 f6 29. Bh5 Bd6 30. b4 cxb4 31. Bxb4 Bxb4 32. cxb4
Ke7 33. Ke2 Kd6 34. Kd3 Bf5+ 35. Kd4 Bc8 36. Bg6 Ke6 37. g4 Bb7 38. Be4 Bxe4
39. Kxe4 g6 40. f4 f5+ 41. Kd4 fxg4 42. hxg4 h5 43. gxh5 gxh5 44. Ke4 h4 45.
f5+ Kf6 46. Kf4 h3 47. Kg3 Kxf5 48. Kxh3 Ke4 49. Kg4 Kd3 50. Kf4 Kc3 51. Ke4
Kb3 52. Kd4 Kxa3 53. Kc3 Ka4 54. Kc2 Kxb4 55. Kb2 a5 56. Ka2 Kc3 57. Ka3 b4+
58. Ka2 b3+ 59. Kb1 b2 60. Ka2 Kc2 61. Ka3 b1=Q 62. Ka4 Qb4# {White
checkmated} 0-1

[Event "ICC tourney 2039 (30 10)"]
[Site "Internet Chess Club"]
[Date "2020.10.04"]
[Round "1"]
[White "turtle6"]
[Black "Yeetamus123"]
[Result "1-0"]
[ICCResult "Black checkmated"]
[WhiteElo "1715"]
[BlackElo "1303"]
[Opening "Sicilian: accelerated fianchetto, modern variation"]
[ECO "B34"]
[NIC "SI.33"]
[Time "11:04:56"]
[TimeControl "1800+10"]

1. e4 c5 2. Nf3 Nc6 3. d4 cxd4 4. Nxd4 g6 5. Nc3 Bg7 6. Be3 Nf6 7. Qd2 O-O
8. f3 a6 9. Be2 d5 10. Nxc6 bxc6 11. Rd1 Bb7 12. exd5 cxd5 13. Bh6 d4 14.
Bxg7 dxc3 15. Qxd8 Rfxd8 16. Rxd8+ Rxd8 17. Bxf6 exf6 18. bxc3 Rc8 19. c4 a5
20. Kd2 Ba6 21. Kc3 Kf8 22. Bd3 Ke7 23. Rb1 Rc6 24. Re1+ Kd6 25. Rd1 Kc5 26.
Be4 Rd6 27. Rd5+ Rxd5 28. Bxd5 f5 29. Bxf7 g5 30. g3 h6 31. f4 a4 32. a3 Bc8
33. Be8 Be6 34. Bxa4 Bxc4 35. Bb3 Bf1 36. Be6 Bh3 37. a4 Bg4 38. Bd7 Bh3 39.
a5 Kd6 40. Bb5 Kc5 41. Bc4 Bg2 42. a6 Kd6 43. a7 Ke7 44. Kd4 Kd6 45. Bd3 Kc7
46. Bxf5 Kb7 47. Be4+ Bxe4 48. Kxe4 Kxa7 49. fxg5 hxg5 50. h4 gxh4 51. gxh4
Kb7 52. h5 Kc7 53. h6 Kd7 54. h7 Ke7 55. h8=Q Kd7 56. Ke5 Kc6 57. Qd8 Kc5
58. Qc7+ Kb4 59. Kd4 Kb5 60. Qc5+ Ka4 61. Qb6 Ka3 62. Kc3 Ka2 63. Qb2#
{Black checkmated}
1-0

[Event "ICC tourney 2039 (30 10)"]
[Site "Internet Chess Club"]
[Date "2020.10.04"]
[Round "1"]
[White "Vidipkona"]
[Black "Tiger2010"]
[Result "1-0"]
[ICCResult "Black checkmated"]
[WhiteElo "1457"]
[BlackElo "745"]
[Opening "Ruy Lopez: 5.O-O"]
[ECO "C78"]
[NIC "RL.12"]
[Time "11:05:02"]
[TimeControl "1800+10"]

1. e4 e5 2. Nf3 Nc6 3. Bb5 a6 4. Ba4 Nf6 5. O-O b5 6. Bb3 Bc5 7. d3 h6 8. c3
Bb6 9. Be3 Bxe3 10. fxe3 Ng4 11. Bxf7+ Ke7 12. Qe2 Rf8 13. Bg6 d6 14. Nbd2
Bd7 15. Nh4 Nf6 16. Bf5 Be8 17. d4 Bh5 18. Qd3 d5 19. exd5 Nxd5 20. Bg6 Nf6
21. Bxh5 Ke6 22. Bg6 Qd6 23. Ne4 Nxe4 24. Qxe4 Rxf1+ 25. Rxf1 Rf8 26. Rxf8
Qxf8 27. Qxc6+ Ke7 28. Nf5+ Kd8 29. Qa8+ Kd7 30. Qxf8 Kc6 31. Qa8+ Kb6 32.
b4 e4 33. Ne7 c5 34. Qb8# {Black checkmated} 1-0

[Event "ICC tourney 2039 (30 10)"]
[Site "Internet Chess Club"]
[Date "2020.10.04"]
[Round "1"]
[White "saanvit"]
[Black "ABecker755"]
[Result "1-0"]
[ICCResult "Black checkmated"]
[WhiteElo "1649"]
[BlackElo "1278"]
[Opening "French: advance, Paulsen attack"]
[ECO "C02"]
[NIC "FR.03"]
[Time "11:05:00"]
[TimeControl "1800+10"]

1. e4 e6 2. d4 d5 3. e5 c5 4. c3 Nc6 5. Nf3 Qb6 6. a3 Bd7 7. b4 cxd4 8. cxd4
Nge7 9. Nc3 Nf5 10. Na4 Qc7 11. Bb2 Be7 12. Be2 O-O 13. O-O Rac8 14. Rc1 Qd8
15. Nc5 b6 16. Nxd7 Qxd7 17. Bb5 Qb7 18. Qa4 Nb8 19. Bd3 a6 20. Qb3 b5 21.
Qa2 Nd7 22. Qb1 Nb6 23. Bxf5 exf5 24. Qxf5 Nc4 25. Rc2 Rc6 26. Nd2 f6 27.
Nxc4 bxc4 28. e6 g6 29. Qxd5 Qc8 30. Rfc1 Qxe6 31. Qxe6+ Rxe6 32. Rxc4 Re8
33. g3 Re2 34. R4c2 Bd8 35. Kf1 Rxc2 36. Rxc2 Bb6 37. Rc6 Rb8 38. d5 a5 39.
Bxf6 axb4 40. axb4 Bd8 41. Bxd8 Rxd8 42. d6 Kf7 43. b5 Ke6 44. Ke2 Rxd6 45.
Rxd6+ Kxd6 46. Kf3 Kc5 47. Kf4 Kxb5 48. Kg5 Kc4 49. h4 Kd3 50. g4 Ke2 51. h5
gxh5 52. gxh5 Kxf2 53. Kh6 Kf3 54. Kxh7 Kg4 55. h6 Kf5 56. Kg7 Kg5 57. h7
Kg4 58. h8=Q Kg3 59. Qh5 Kg2 60. Qh4 Kf3 61. Kf6 Kg2 62. Kf5 Kf3 63. Qe4+
Kg3 64. Kg5 Kf2 65. Kg4 Kf1 66. Qc2 Kg1 67. Kf3 Kh1 68. Qg2# {Black
checkmated} 1-0

[Event "ICC tourney 2039 (30 10)"]
[Site "Internet Chess Club"]
[Date "2020.10.04"]
[Round "1"]
[White "Elatedbook"]
[Black "Nacaroa-Dan"]
[Result "0-1"]
[ICCResult "White checkmated"]
[WhiteElo "1249"]
[BlackElo "1623"]
[Opening "Scandinavian: Marshall variation"]
[ECO "B01"]
[NIC "SD.03"]
[Time "11:05:23"]
[TimeControl "1800+10"]

1. e4 d5 2. exd5 Nf6 3. d4 Nxd5 4. Nf3 Bf5 5. Bd3 Bxd3 6. Qxd3 c6 7. Bd2 e6
8. c4 Nb4 9. Bxb4 Bxb4+ 10. Nbd2 O-O 11. O-O Nd7 12. Qb3 Bxd2 13. Nxd2 Qc7
14. Rfd1 Nf6 15. h3 Rfd8 16. Nf3 b6 17. Rac1 c5 18. dxc5 Qxc5 19. Qc2 h6 20.
b3 Rac8 21. Rd2 Kf8 22. Rcd1 Ke7 23. Nd4 Rd7 24. Nf3 Rcd8 25. Rxd7+ Rxd7 26.
Rxd7+ Kxd7 27. Qd3+ Ke7 28. Qd4 Qxd4 29. Nxd4 Kd7 30. Kf1 Ne4 31. Nb5 a6 32.
Nd4 Kd6 33. Ke1 Kc5 34. Nc2 a5 35. a3 e5 36. f3 Ng3 37. Kd2 Nf5 38. Kc3 Nd6
39. b4+ Kc6 40. Ne3 f5 41. g3 g5 42. g4 f4 43. Nd1 e4 44. fxe4 Nxe4+ 45. Kd4
Nd2 46. Kd3 Nf3 47. Nf2 axb4 48. axb4 b5 49. c5 Kd5 50. Nd1 Ne5+ 51. Kc3 Ke4
52. Nf2+ Ke3 53. Nd1+ Ke2 54. Kd4 Nc6+ 55. Kd5 Kxd1 56. Kxc6 f3 57. Kb7 f2
58. c6 f1=Q 59. c7 Qf7 60. Kb8 Qf4 61. Kb7 Qe4+ 62. Kb8 Qe5 63. Kb7 Qd5+ 64.
Kb6 Qa8 65. Kc5 Qb7 66. Kd6 Qc8 67. Kc6 Kc2 68. Kxb5 Qxc7 69. Ka6 Kc3 70. b5
Kc4 71. b6 Qb8 72. b7 Kc5 73. Ka5 Qxb7 74. Ka4 Qb4# {White checkmated} 0-1

[Event "ICC tourney 2039 (30 10)"]
[Site "Internet Chess Club"]
[Date "2020.10.04"]
[Round "1"]
[White "travelworld"]
[Black "atharvamchess"]
[Result "0-1"]
[ICCResult "White checkmated"]
[WhiteElo "1149"]
[BlackElo "1517"]
[Opening "Scotch: Schmidt variation"]
[ECO "C45"]
[NIC "SO.04"]
[Time "11:05:04"]
[TimeControl "1800+10"]

1. e4 e5 2. Nf3 Nc6 3. d4 exd4 4. Nxd4 Nf6 5. Nxc6 dxc6 6. Qxd8+ Kxd8 7. Nc3
Bb4 8. f3 h6 9. Bd2 Be6 10. O-O-O Ke7 11. e5 Nd7 12. f4 Bg4 13. Be2 Bxe2 14.
Nxe2 Bxd2+ 15. Rxd2 Rad8 16. Rhd1 Nb6 17. b3 Rxd2 18. Rxd2 Rd8 19. Rxd8 Kxd8
20. Kd2 Ke7 21. Kd3 f6 22. Kd4 fxe5+ 23. Kxe5 Nd7+ 24. Kf5 Kf7 25. h4 g6+
26. Ke4 Kf6 27. g4 Nc5+ 28. Kf3 Ne6 29. g5+ hxg5 30. fxg5+ Kf7 31. Ke4 Ng7
32. Ke5 Ke7 33. Nf4 Kf7 34. c4 b6 35. a4 a5 36. Kd4 Nf5+ 37. Kc3 Nxh4 38. b4
axb4+ 39. Kxb4 Nf3 40. a5 bxa5+ 41. Kxa5 Nxg5 42. Ka6 Ne6 43. Nxe6 Kxe6 44.
Kb7 Kd6 45. Kc8 g5 46. Kd8 g4 47. Kc8 g3 48. Kd8 g2 49. Kc8 g1=Q 50. Kd8
Qg8# {White checkmated} 0-1

[Event "ICC tourney 2039 (30 10)"]
[Site "Internet Chess Club"]
[Date "2020.10.04"]
[Round "1"]
[White "yanje03"]
[Black "Fredzhang"]
[Result "0-1"]
[ICCResult "White resigns"]
[WhiteElo "1489"]
[BlackElo "1298"]
[Opening "Sicilian: Nimzovich-Rossolimo attack (without ...d6)"]
[ECO "B30"]
[NIC "SI.31"]
[Time "11:05:43"]
[TimeControl "1800+10"]

1. e4 c5 2. Nf3 Nc6 3. Bb5 a6 4. Bxc6 bxc6 5. O-O Qc7 6. Nc3 e5 7. d3 Nf6 8.
Bg5 Be7 9. Re1 O-O 10. Bh4 d6 11. Bg3 Bg4 12. h3 Bh5 13. Re3 Nd7 14. Qd2 f6
15. Ne2 Bxf3 16. Rxf3 Rf7 17. Bh2 g6 18. g4 Bf8 19. Bg3 Bg7 20. Kg2 Raf8 21.
Qc3 Rb8 22. b3 Qb7 23. Qd2 Rbf8 24. Bh2 d5 25. Ng3 d4 26. h4 Re8 27. h5 g5
28. Nf5 Qc7 29. c3 Re6 30. cxd4 cxd4 31. Nxd4 Rd6 32. Nf5 Re6 33. d4 Qb8 34.
Rc1 Bf8 35. Rc2 Qb7 36. d5 cxd5 37. exd5 Rb6 38. Rfc3 Rb5 39. Ne3 Nb6 40.
Rd3 Rd7 41. Rc6 Nxd5 42. Qc2 Nxe3+ 43. Rxe3 Rc7 44. Qc4+ Kh8 45. Rc3 Rb6 46.
Bxe5 fxe5 47. Qe4 Rcxc6 48. Qxe5+ Qg7 49. Qxg7+ Bxg7 {White resigns} 0-1

[Event "ICC tourney 2039 (30 10)"]
[Site "Internet Chess Club"]
[Date "2020.10.04"]
[Round "1"]
[White "ChessStar22"]
[Black "SultanofBling"]
[Result "0-1"]
[ICCResult "White checkmated"]
[WhiteElo "1414"]
[BlackElo "1535"]
[Opening "QGD Slav: 4.Nc3"]
[ECO "D15"]
[NIC "SL.03"]
[Time "11:05:03"]
[TimeControl "1800+10"]

1. d4 d5 2. c4 c6 3. Nc3 Nf6 4. Nf3 Bf5 5. e3 e6 6. cxd5 exd5 7. Bd3 Bg6 8.
Ne5 Bxd3 9. Qxd3 Nbd7 10. Nxd7 Qxd7 11. h3 Be7 12. Bd2 O-O 13. O-O Bd6 14.
Rfe1 Rfe8 15. e4 dxe4 16. Nxe4 Nxe4 17. Rxe4 Rxe4 18. Qxe4 Re8 19. Qd3 Bc5
20. Be3 Rd8 21. Rd1 Qd5 22. b3 Bb6 23. Qc4 Qh5 24. Rd2 Rd5 25. Kf1 Qg6 26.
Qd3 Qd6 27. g3 Qe6 28. Kg2 Rh5 29. h4 Qd5+ 30. f3 Qd7 31. Bg5 Bd8 32. Bxd8
Qxd8 33. Qe4 Rd5 34. Re2 g6 35. Qe8+ Qxe8 36. Rxe8+ Kg7 37. Re7 Rb5 38. g4
Kf6 39. Re4 h6 40. Kg3 a5 41. Kf4 a4 42. g5+ hxg5+ 43. hxg5+ Rxg5 44. b4 a3
45. Re3 Rb5 46. Rxa3 Rxb4 47. Ke4 c5 48. Rd3 Rxd4+ 49. Rxd4 cxd4 50. Kxd4
Kf5 51. Kc5 Kf4 52. Kb6 Kxf3 53. Kxb7 g5 54. a4 g4 55. a5 g3 56. a6 g2 57.
a7 g1=Q 58. a8=Q Qb1+ 59. Kc7+ Kf4 60. Qa4+ Qe4 61. Qb3 f5 62. Qd1 Qe5+ 63.
Kc6 Qc3+ 64. Kd6 Qe5+ 65. Kc6 Qe3 66. Kd6 Kg3 67. Qd5 Qe4 68. Qb3+ Kg4 69.
Qg8+ Kf3 70. Qh8 f4 71. Qh3+ Ke2 72. Qh5+ f3 73. Kc5 Qe3+ 74. Kc4 Kd2 75.
Qd5+ Kc2 76. Qf5+ Kd2 77. Qd5+ Ke1 78. Qa5+ Kf2 79. Qh5 Qe4+ 80. Kc3 Kg3 81.
Qg5+ Qg4 82. Qe5+ Kg2 83. Kd2 Qb4+ 84. Kd1 Qb1+ 85. Kd2 Qa2+ 86. Kd1 Qf2 87.
Qe4 Kf1 88. Qg4 Qe2+ 89. Kc1 Qg2 90. Qc4+ Kg1 91. Qd4+ f2 92. Kd2 Qg5+ 93.
Ke2 Qe7+ 94. Kf3 Qf7+ 95. Ke2 Qh5+ 96. Kd2 Qf3 97. Qg7+ Kf1 98. Qa1+ Kg2 99.
Qg7+ Qg3 100. Qb7+ Kg1 101. Qb1+ f1=Q 102. Qxf1+ Kxf1 103. Kd1 Qe3 104. Kc2
Ke2 105. Kb2 Qd3 106. Ka2 Ke3 107. Kb2 Kd4 108. Kc1 Qe2 109. Kb1 Kc3 110.
Ka1 Qb2# {White checkmated} 0-1

[Event "ICC tourney 2039 (30 10)"]
[Site "Internet Chess Club"]
[Date "2020.10.04"]
[Round "2"]
[White "DavidNest"]
[Black "GlibNest"]
[Result "1/2-1/2"]
[ICCResult "Game drawn by repetition"]
[WhiteElo "1261"]
[BlackElo "1512"]
[Opening "Réti v Dutch"]
[ECO "A04"]
[NIC "QP.11"]
[Time "13:05:04"]
[TimeControl "1800+10"]

1. Nf3 f5 2. c4 Nf6 3. Nc3 g6 4. e3 Bg7 5. d4 O-O 6. b3 d6 7. Bb2 Qe8 8. Be2
e5 9. dxe5 dxe5 10. Bf1 Bd7 11. Be2 Bc8 12. Bf1 Bd7 13. Be2 Bc8 14. Bf1 Bd7
15. Be2 Bc8 16. Bf1 Bd7 17. Be2 Bc8 {Game drawn by repetition} 1/2-1/2

[Event "ICC tourney 2039 (30 10)"]
[Site "Internet Chess Club"]
[Date "2020.10.04"]
[Round "2"]
[White "Tiger2010"]
[Black "michaelxiao"]
[Result "0-1"]
[ICCResult "White checkmated"]
[WhiteElo "745"]
[BlackElo "1329"]
[Opening "French: Rubinstein variation"]
[ECO "C10"]
[NIC "FR.07"]
[Time "13:05:52"]
[TimeControl "1800+10"]

1. e4 e6 2. d4 d5 3. Nc3 dxe4 4. Nxe4 Be7 5. Nf3 Nf6 6. Nc3 Nc6 7. Bb5 Bd7
8. O-O O-O 9. d5 exd5 10. Nxd5 Be6 11. c4 Nxd5 12. cxd5 Qxd5 13. Qxd5 Bxd5
14. Bxc6 Bxc6 15. Ne5 Bf6 16. Bf4 Rfe8 17. Rfe1 Rad8 18. Nxc6 Rxe1+ 19. Rxe1
bxc6 20. Bxc7 Rc8 21. Bd6 Bxb2 22. Rb1 Re8 23. a4 f6 24. g3 Bd4 25. Rd1 Bb6
26. Bb4 Re4 27. Rb1 c5 28. a5 Rxb4 29. Ra1 Bc7 30. a6 c4 31. Rc1 Ra4 32. Rb1
Bb6 33. Rd1 c3 34. Rc1 Ba5 35. Kf1 Ra2 36. Kg2 c2 37. Kf3 Bd2 38. Rb1 cxb1=Q
39. Ke2 Qe1+ 40. Kd3 Ra3+ 41. Kc2 Qc1# {White checkmated} 0-1

[Event "ICC tourney 2039 (30 10)"]
[Site "Internet Chess Club"]
[Date "2020.10.04"]
[Round "2"]
[White "zaras"]
[Black "subielife"]
[Result "0-1"]
[ICCResult "White resigns"]
[WhiteElo "1391"]
[BlackElo "1478"]
[Opening "Queen's pawn: London system"]
[ECO "A45"]
[NIC "QP.07"]
[Time "13:05:06"]
[TimeControl "1800+10"]

1. d4 Nf6 2. Bf4 c5 3. c3 Qb6 4. Qb3 c4 5. Qxb6 axb6 6. e3 b5 7. Na3 e5 8.
dxe5 Bxa3 9. bxa3 Nd5 10. Ne2 O-O 11. Kd1 Nc6 12. Kc2 Rxa3 13. Kb2 Ra5 14.
Nd4 Nxd4 15. exd4 Nxf4 16. Kc2 b6 17. Kd2 Bb7 18. Rg1 Rfa8 19. a3 Rxa3 20.
Rxa3 Rxa3 21. g3 Nd5 22. Bg2 Ra2+ 23. Ke1 Ra1+ {White resigns} 0-1